 Dungeon Crawl Stone Soup version 0.30-a0-626-gd6a5dd7a1f (webtiles) character file.

Game seed: 6212819169937993207

43 Rrauwl the Slasher (level 3, -1/27 HPs)
             Began as a Demonspawn Warper on Jan 11, 2023.
             Slain by a gnoll
             ... wielding a +0 spear
              (3 damage)
             ... on level 2 of the Dungeon.
             The game lasted 00:04:41 (949 turns).

Rrauwl the Slasher (Demonspawn Warper)               Turns: 949, Time: 00:04:41

Health: -1/27      AC:  5    Str: 13    XL:     3   Next: 37%
Magic:  6/6        EV: 10    Int: 14    God:
Gold:   63         SH:  4    Dex: 12    Spells: 6/6 levels left

rFire   . . .      SeeInvis .    b - +2 dagger (pain)
rCold   . . .      Faith    .    (no shield)
rNeg    . . .      Spirit   .    e - +0 ring mail
rPois   .          Reflect  .    (no helmet)
rElec   .          Harm     .    (no cloak)
rCorr   .          Rampage  .    (no gloves)
Will    .....                    (no boots)
Stlth   +                        (no amulet)
HPRegen 0.24/turn                (no ring)
MPRegen 0.10/turn                (no ring)

@: no status effects
A: condensation shield
a: no special abilities


You were on level 2 of the Dungeon.
You visited 1 branch of the dungeon, and saw 2 of its levels.

You collected 63 gold pieces.

Inventory:

Hand Weapons
 a - a +0 falchion
 b - a +2 dagger of pain (weapon)
Missiles
 d - 7 boomerangs of dispersal (quivered)
Armour
 e - a +0 ring mail (worn)
Jewellery
 i - a +5 ring of evasion
Scrolls
 c - a scroll of blinking
 f - a scroll of poison
 g - a scroll of teleportation {unknown}


   Skills:
 - Level 2.0 Fighting
 + Level 3.1 Long Blades
 - Level 1.0 Throwing
 - Level 1.0 Armour
 - Level 2.0 Dodging
 - Level 2.0 Spellcasting
 - Level 3.0 Translocations


You had 6 spell levels left.
You didn't know any spells.
Your spell library contained the following spells:

 Spells                   Type           Power      Damage    Failure   Level
 Blink                    Tloc           18%        N/A       22%         2
 Lesser Beckoning         Tloc           18%        N/A       41%         3
 Teleport Other           Tloc           9%         N/A       41%         3
 Magic Dart               Conj           4%         1d3       45%         1
 Call Imp                 Summ           1%         N/A       58%         2
 Ensorcelled Hibernation  Hex/Ice        2%         N/A       58%         2
 Vhi's Electric Charge    Tloc/Air       10%        N/A       63%         3
 Manifold Assault         Tloc           9%         N/A       82%         4
 Mephitic Cloud           Conj/Pois/Air  1%         N/A       83%         3
 Spider Form              Tmut/Pois      1%         N/A       83%         3
 Anguish                  Hex/Necr       0%         N/A       99%         4


Dungeon Overview and Level Annotations

Branches:
Dungeon (2/15)

Altars:


Innate Abilities, Weirdness & Mutations

A meltable shield of frost defends you. (SH +4)


Message History

You hit the gnoll.
You kill the gnoll!
Your Long Blades skill increases to level 3!
An endoplasm comes into view.
Found a scroll labelled YGEICR GURORA.
The endoplasm quivers.
The endoplasm moves out of view.
You see here a scroll labelled YGEICR GURORA.
g - a scroll labelled YGEICR GURORA An endoplasm comes into view.
The endoplasm quivers.
The endoplasm hits you.
You hit the endoplasm.
The endoplasm is heavily wounded.
The endoplasm closely misses you. The endoplasm attacks as you move away!
The endoplasm closely misses you. The endoplasm attacks as you move away!
The endoplasm barely misses you.
An endoplasm comes into view.
Found a spear.
The endoplasm freezes you.
You are frozen.
You hit the endoplasm.
The endoplasm is heavily wounded.
The endoplasm freezes you.
You are frozen.
The endoplasm barely misses you. x2
The gnoll closely misses you.
You hit the endoplasm but do no damage.
The endoplasm is heavily wounded.
The endoplasm freezes you.
You are frozen.
The endoplasm hits you but does no damage.
You block the endoplasm's attack.
The gnoll hits you from afar with a +0 halberd!
* * * LOW HITPOINT WARNING * * *
You aren't carrying any potions.
You aren't carrying any items that you can evoke.
You hit the endoplasm.
The endoplasm is almost dead.
The gnoll hits you from afar with a +0 spear.
You die...

#.P..PP.#g###..#
......g.w#####.####
P.PP..PP.#........#
P........####....##
PP..PP...# #..###
####_########..##
.....P..P##...gg##
...P..P..##.###JJ#
..P....P.#.. ##@#
...P....P#. #J#
#...P...#... #.#
#.†PP.PP#### #.#
#.....P.# ...
.##...##.# ...
..#..P# ## ..)
######.# ..... ##


You could see 2 gnolls and 3 endoplasms.

Vanquished Creatures
  A gnoll (D:2)
  A dart slug (D:1)
  2 ball pythons (D:2)
  3 bats
  2 endoplasms
  A giant cockroach (D:1)
  3 goblins (D:2)
  3 hobgoblins
  3 jackals (D:1)
  2 quokkas
  A frilled lizard (D:1)
  2 kobolds (D:1)
  5 rats
29 creatures vanquished.

Vanquished Creatures (others)
  6 demonic plants (D:2)
  3 withered plants (D:2)
9 creatures vanquished.

Grand Total: 38 creatures vanquished

Notes
Turn   | Place    | Note
-------+----------+-------------------------------------------
     0 | D:1      | Rrauwl the Demonspawn Warper began the quest for the Orb.
     0 | D:1      | Reached XP level 1. HP: 16/16 MP: 3/3
    42 | D:1      | Reached skill level 1 in Throwing
    42 | D:1      | Reached skill level 1 in Armour
   141 | D:1      | Gained mutation: A meltable shield of frost defends you.
                  | (SH +4) [demonic ancestry]
   141 | D:1      | Reached XP level 2. HP: 16/22 MP: 5/5
   838 | D:2      | Reached XP level 3. HP: 21/27 MP: 6/6
   884 | D:2      | Found a faded altar of an unknown god.
   949 | D:2      | Slain by a gnoll

Illustrated notes

Levels and vault maps discovered:
D:1:      mrwooster_arrival_statue_3, layout_basic
D:2:      layout_rooms, shapermc_ecumenical_altar_gd, basic_altar,
          minmay_tromino_v7

Skill      XL: |  1  2  3 |
---------------+----------+-----
Throwing       | 1 |  1.0
Armour         | 1 |  1.0
Long Blades    | 2 3 |  3.1
Dodging        | 2 |  2.0
Translocations | 3 |  3.0
Fighting       | |  2.0
Spellcasting   | |  2.0

Action                   || total
-------------------------++-------
Melee: Falchion          ||    79
       Punch             ||     1
       Dagger            ||    20
  Use: Potion            ||     3
       Scroll            ||     1
Armor: Leather armour    ||    11
       Ring mail         ||    27
Dodge: Dodged            ||    56
Block: Other             ||     9

Table legend: (Time is in decaauts)
 A = Elapsed time spent in this place.
 B = Non-inter-level travel time spent in this place.
 C = Inter-level travel time spent in this place.
 D = Time resting spent in this place.
 E = Time spent auto-exploring this place.
 F = Levels seen in this place.
 G = Mean time per level.
                   A        B        C        D        E       F      G
               +--------+--------+--------+--------+--------+-----+--------+
         Total |    961 |    898 |     63 |     40 |    596 |   2 |  480.5 |
       Dungeon |    961 |    898 |     63 |     40 |    596 |   2 |  480.5 |
               +--------+--------+--------+--------+--------+-----+--------+

Top non-repeatable levels by time:
     D:1: 788 daAuts
     D:2: 173 daAuts
